AoeStats
← Liopoldo

Four Lakes

508903984Analyzed
1v1 RM · 9d ago on Sep 24, 2026· 35m 11s· 2 players
Game mode
Random Map
Map size
Tiny (2 player)
Population
200
Speed
Normal
Resources
Standard
Victory
Conquest
Starting age
Dark Age
Ending age
Imperial Age
RankedLock teamsTeams togetherTeam positionsShared explorationLock speedFull tech treeHidden civsTurbo modeCheats
Victory
Defeat
🇳🇱 Franks · Netherlands
1174
+15
🇪🇸 Malians · Spain
1162
-15
Liopoldo
10:19 Loom
12:05 Feudal Age
14:39 Double-Bit Axe
14:51 Horse Collar
17:54 Castle Age
16:18 Gold Mining
19:31 Medium Warships
20:06 Bow Saw
24:22 Bloodlines
26:47 Scale Barding Armor
26:53 Forging
28:43 Chain Barding Armor
33:30 Imperial Age
34:19 Light Cavalry
Raudius
10:00 Feudal Age
10:41 Double-Bit Axe
10:39 Fishing Lines
15:49 Loom
18:29 Castle Age
17:41 Scale Barding Armor
17:46 Forging
19:49 Bow Saw
21:18 Chain Barding Armor
29:23 Imperial Age
26:42 Pikeman
27:31 Squires
27:36 Scale Mail Armor
28:18 Gold Mining
30:37 Husbandry
Connection lost

Rejoining the realm…

Still unreachable

The connection could not be restored.

Session expired

The server has moved on; the page needs a fresh start.